TOP OF THE 1ST |
Delaware 1787 BC batting - Pitching for Myrtle Beach Seahawks : RHP Mario Ruíz
|
Pitching: RHP Mario Ruíz
|
|
Batting: LHB Tony Vega
|
0-0: Foul Ball, location: 2F 0-1: Ball 1-1: Foul Ball, location: 2F 1-2: Foul Ball, location: 2F 1-2: Strikes out swinging, 2-3 out at first.
|
Batting: LHB José Cordero
|
0-0: Bunt missed! 0-1: Fly out, F6 (Popup, 6)
|
Batting: RHB Jim Scott
|
0-0: Called Strike 0-1: Ball 1-1: Ball 2-1: Ball 3-1: Base on Balls
|
Batting: LHB Ángel Aguilar
|
0-0: Ball 1-0: Foul Ball, location: 2F 1-1: Swinging Strike 1-2: Ball 2-2: Strikes out swinging
|
Top of the 1st over - 0 run(s), 0 hit(s), 0 error(s), 1 left on base; Delaware 0 - Myrtle Beach 0 |
BOTTOM OF THE 1ST |
Myrtle Beach Seahawks batting - Pitching for Delaware 1787 BC : RHP Roberto Calderón
|
Pitching: RHP Roberto Calderón
|
|
Batting: RHB Fernando Pérez
|
0-0: Ball 1-0: Hit by Pitch
|
Batting: RHB José Sosa
|
0-0: Called Strike 0-1: Foul Ball, location: 2F 0-2: Ball 1-2: Reached on error, E3 (Groundball, 34S) Fernando Pérez to third
|
Batting: SHB Jorge Barrios
|
0-0: Ball 1-0: Called Strike 1-1: Ball 2-1: Ground out 6-3 (Groundball, 6M) Fernando Pérez scores José Sosa to third
|
Batting: RHB Rodrigo Lugo
|
0-0: Called Strike 0-1: Ball 1-1: SINGLE (Flyball, 7LM) José Sosa scores
|
Batting: SHB Tony Martínez
|
0-0: Ball 1-0: Reached on error, E4 (Groundball, 4) Rodrigo Lugo to second
|
Batting: RHB Manuel Díaz
|
0-0: Ball 1-0: Called Strike 1-1: Ball 2-1: Foul Ball, location: 2F 2-2: Grounds into double play, 6-4-3 (Groundball, 6)
|
Bottom of the 1st over - 2 run(s), 1 hit(s), 2 error(s), 1 left on base; Delaware 0 - Myrtle Beach 2 |
TOP OF THE 2ND |
Delaware 1787 BC batting - Pitching for Myrtle Beach Seahawks : RHP Mario Ruíz
|
Batting: RHB Henrique Shearman
|
0-0: Swinging Strike 0-1: Ground out 6-3 (Groundball, 6M)
|
Batting: RHB Pedro Rivera
|
0-0: Ball 1-0: Ball 2-0: Called Strike 2-1: Called Strike 2-2: Strikes out swinging
|
Batting: LHB Salvador Avilés
|
0-0: Called Strike 0-1: Ball 1-1: Called Strike 1-2: Foul Ball, location: 2F 1-2: Strikes out swinging
|
Top of the 2nd over - 0 run(s), 0 hit(s), 0 error(s), 0 left on base; Delaware 0 - Myrtle Beach 2 |
BOTTOM OF THE 2ND |
Myrtle Beach Seahawks batting - Pitching for Delaware 1787 BC : RHP Roberto Calderón
|
Batting: RHB Guillaume Colin
|
0-0: Ball 1-0: Ball 2-0: Ball 3-0: Base on Balls
|
Batting: RHB Roberto Escues
|
0-0: Reached on error, E1 (Groundball, 13S) Guillaume Colin to second
|
Batting: SHB Tony Ortíz
|
0-0: Fly out, F7 (Flyball, 78D)
|
Batting: RHB Fernando Pérez
|
0-0: Foul Ball, location: 2F 0-1: Foul Ball, location: 2F 0-2: Ball 1-2: Strikes out swinging
|
Batting: RHB José Sosa
|
0-0: Called Strike 0-1: Ball 1-1: Foul Ball, location: 2F 1-2: Foul Ball, location: 2F 1-2: Ball 2-2: Ground out 5-3 (Groundball, 5L)
|
Bottom of the 2nd over - 0 run(s), 0 hit(s), 1 error(s), 2 left on base; Delaware 0 - Myrtle Beach 2 |
TOP OF THE 3RD |
Delaware 1787 BC batting - Pitching for Myrtle Beach Seahawks : RHP Mario Ruíz
|
Batting: RHB Mike Greene
|
0-0: Ball 1-0: Ground out 5-3 (Groundball, 5S)
|
Batting: SHB Alonso Solís
|
0-0: Ball 1-0: Ball 2-0: Ball 3-0: Base on Balls
|
Batting: LHB Tony Vega
|
0-0: Called Strike 0-1: Fielders Choice at 2nd, 4-6 (Groundball, 4)
|
Batting: LHB José Cordero
|
0-0: Ball 1-0: SINGLE (Line Drive, 6MD) Tony Vega to second
|
Batting: RHB Jim Scott
|
0-0: Foul Ball, location: 2F 0-1: Ball 1-1: Foul Ball, location: 2F 1-2: Ball 2-2: Strikes out swinging
|
Top of the 3rd over - 0 run(s), 1 hit(s), 0 error(s), 2 left on base; Delaware 0 - Myrtle Beach 2 |
BOTTOM OF THE 3RD |
Myrtle Beach Seahawks batting - Pitching for Delaware 1787 BC : RHP Roberto Calderón
|
Batting: SHB Jorge Barrios
|
0-0: Called Strike 0-1: Called Strike 0-2: Ground out 4-3 (Groundball, 4)
|
Batting: RHB Rodrigo Lugo
|
0-0: Swinging Strike 0-1: Ball 1-1: Fly out, F6 (Popup, 56D)
|
Batting: SHB Tony Martínez
|
0-0: Ball 1-0: Called Strike 1-1: Ball 2-1: Foul Ball, location: 2F 2-2: Foul Ball, location: 2F 2-2: Ball 3-2: SINGLE (Groundball, 34D)
|
Batting: RHB Manuel Díaz
|
0-0: Ball 1-0: Foul Ball, location: 2F 1-1: Foul Ball, location: 2F 1-2: Foul Ball, location: 2F 1-2: Ball 2-2: Foul Ball, location: 2F 2-2: Strikes out swinging
|
Bottom of the 3rd over - 0 run(s), 1 hit(s), 0 error(s), 1 left on base; Delaware 0 - Myrtle Beach 2 |
TOP OF THE 4TH |
Delaware 1787 BC batting - Pitching for Myrtle Beach Seahawks : RHP Mario Ruíz
|
Batting: LHB Ángel Aguilar
|
0-0: Ball 1-0: Called Strike 1-1: Foul Ball, location: 2F 1-2: Ball 2-2: Strikes out looking
|
Pitching: RHP Dan MacDonald
|
|
Batting: RHB Henrique Shearman
|
0-0: Called Strike 0-1: Ball 1-1: Ball 2-1: Fly out, F9 (Flyball, 89S)
|
Batting: RHB Pedro Rivera
|
0-0: Swinging Strike 0-1: Called Strike 0-2: Strikes out swinging
|
Top of the 4th over - 0 run(s), 0 hit(s), 0 error(s), 0 left on base; Delaware 0 - Myrtle Beach 2 |
BOTTOM OF THE 4TH |
Myrtle Beach Seahawks batting - Pitching for Delaware 1787 BC : RHP Roberto Calderón
|
Batting: RHB Guillaume Colin
|
0-0: Called Strike 0-1: Ball 1-1: Ball 2-1: Foul Ball, location: 2F 2-2: Strikes out swinging
|
Batting: RHB Roberto Escues
|
0-0: Called Strike 0-1: Foul Ball, location: 2F 0-2: Ground out 6-3 (Groundball, 6M)
|
Batting: SHB Tony Ortíz
|
0-0: Ground out 6-3 (Groundball, 6M)
|
Bottom of the 4th over - 0 run(s), 0 hit(s), 0 error(s), 0 left on base; Delaware 0 - Myrtle Beach 2 |
TOP OF THE 5TH |
Delaware 1787 BC batting - Pitching for Myrtle Beach Seahawks : RHP Dan MacDonald
|
Batting: LHB Salvador Avilés
|
0-0: Ball 1-0: Ball 2-0: Foul Ball, location: 2F 2-1: SINGLE (Line Drive, 78M)
|
Batting: RHB Mike Greene
|
0-0: Sac Bunt - play at first, batter OUT! 3-4 Salvador Avilés to second
|
Batting: SHB Alonso Solís
|
0-0: Ground out 6-3 (Groundball, 6)
|
Batting: LHB Tony Vega
|
0-0: Ball 1-0: Ball 2-0: Ball 3-0: Swinging Strike 3-1: Base on Balls
|
Batting: LHB José Cordero
|
0-0: Ball 1-0: Swinging Strike 1-1: SINGLE (Groundball, 15S) (infield hit) Salvador Avilés to third Tony Vega to second
|
Batting: RHB Jim Scott
|
0-0: Ball 1-0: Called Strike 1-1: Foul Ball, location: 2F 1-2: Ground out 5-3 (Groundball, 5S)
|
Top of the 5th over - 0 run(s), 2 hit(s), 0 error(s), 3 left on base; Delaware 0 - Myrtle Beach 2 |
BOTTOM OF THE 5TH |
Myrtle Beach Seahawks batting - Pitching for Delaware 1787 BC : RHP Roberto Calderón
|
Batting: RHB Fernando Pérez
|
0-0: Ball 1-0: Foul Ball, location: 2F 1-1: Ground out 5-3 (Groundball, 5S)
|
Batting: RHB José Sosa
|
0-0: SINGLE (Line Drive, 89S)
|
Batting: SHB Jorge Barrios
|
0-0: Foul Ball, location: 2F 0-1: Called Strike 0-2: Ball 1-2: Strikes out swinging
|
Batting: RHB Rodrigo Lugo
|
0-0: SINGLE (Line Drive, 8LS) José Sosa to second
|
Batting: SHB Tony Martínez
|
0-0: Ball 1-0: Called Strike 1-1: Ball 2-1: Ball 3-1: Foul Ball, location: 2F 3-2: DOUBLE (Flyball, 7LD) José Sosa scores Rodrigo Lugo to third Rodrigo Lugo scores
|
Batting: RHB Manuel Díaz
|
0-0: Called Strike 0-1: Ball 1-1: SINGLE (Groundball, 56D) Tony Martínez to third Runner from 3rd tries for Home, SAFE, no throw or cutoff
|
Batting: RHB Guillaume Colin
|
0-0: Ball Manuel Díaz is caught stealing 2nd base
|
Bottom of the 5th over - 3 run(s), 4 hit(s), 0 error(s), 0 left on base; Delaware 0 - Myrtle Beach 5 |
TOP OF THE 6TH |
Delaware 1787 BC batting - Pitching for Myrtle Beach Seahawks : RHP Dan MacDonald
|
Batting: LHB Ángel Aguilar
|
0-0: Ball 1-0: SINGLE (Groundball, 3D)
|
Batting: RHB Henrique Shearman
|
0-0: Ball 1-0: Swinging Strike 1-1: Grounds into double play, 1-6-3 (Groundball, 25)
|
Batting: RHB Pedro Rivera
|
0-0: Ball 1-0: Called Strike 1-1: Fly out, F8 (Flyball, 8RM)
|
Top of the 6th over - 0 run(s), 1 hit(s), 0 error(s), 0 left on base; Delaware 0 - Myrtle Beach 5 |
BOTTOM OF THE 6TH |
Myrtle Beach Seahawks batting - Pitching for Delaware 1787 BC : RHP Roberto Calderón
|
Batting: RHB Guillaume Colin
|
0-0: Fly out, F4 (Popup, 34)
|
Batting: RHB Roberto Escues
|
0-0: Fly out, F3 (Popup, 3F)
|
Batting: SHB Tony Ortíz
|
0-0: Ball 1-0: Called Strike 1-1: Ball 2-1: Ground out 4-3 (Groundball, 13)
|
Bottom of the 6th over - 0 run(s), 0 hit(s), 0 error(s), 0 left on base; Delaware 0 - Myrtle Beach 5 |
TOP OF THE 7TH |
Delaware 1787 BC batting - Pitching for Myrtle Beach Seahawks : RHP Dan MacDonald
|
Batting: LHB Salvador Avilés
|
0-0: Ball 1-0: Ball 2-0: SINGLE (Line Drive, 34)
|
Batting: RHB Mike Greene
|
0-0: Called Strike 0-1: Foul Ball, location: 2F 0-2: Strikes out swinging
|
Batting: SHB Alonso Solís
|
0-0: Swinging Strike 0-1: Foul Ball, location: 2F 0-2: Strikes out looking
|
Batting: LHB Tony Vega
|
0-0: Called Strike 0-1: Ball Wild Pitch! Salvador Avilés to second 1-1: Fly out, F7 (Flyball, 78M)
|
Top of the 7th over - 0 run(s), 1 hit(s), 0 error(s), 1 left on base; Delaware 0 - Myrtle Beach 5 |
BOTTOM OF THE 7TH |
Myrtle Beach Seahawks batting - Pitching for Delaware 1787 BC : RHP Roberto Calderón
|
Batting: RHB Fernando Pérez
|
0-0: Ball 1-0: Foul Ball, location: 2F 1-1: Ground out 4-3 (Groundball, 13)
|
Batting: RHB José Sosa
|
0-0: Ball 1-0: Ball 2-0: Ball 3-0: Called Strike 3-1: Called Strike 3-2: Strikes out swinging
|
Batting: SHB Jorge Barrios
|
0-0: Called Strike 0-1: Ball 1-1: Foul Ball, location: 2F 1-2: Ball 2-2: SINGLE (Groundball, 4MD) (infield hit)
|
Batting: RHB Rodrigo Lugo
|
0-0: Ball 1-0: Fielders Choice at 2nd, 5-4 (Groundball, 5)
|
Bottom of the 7th over - 0 run(s), 1 hit(s), 0 error(s), 0 left on base; Delaware 0 - Myrtle Beach 5 |
TOP OF THE 8TH |
Delaware 1787 BC batting - Pitching for Myrtle Beach Seahawks : RHP Dan MacDonald
|
Batting: LHB José Cordero
|
0-0: Called Strike 0-1: Swinging Strike 0-2: Ball 1-2: Strikes out swinging
|
Batting: RHB Jim Scott
|
0-0: Called Strike 0-1: Fly out, F9 (Flyball, 89M)
|
Batting: LHB Ángel Aguilar
|
0-0: Called Strike 0-1: Called Strike 0-2: Fly out, F7 (Flyball, 7M)
|
Top of the 8th over - 0 run(s), 0 hit(s), 0 error(s), 0 left on base; Delaware 0 - Myrtle Beach 5 |
BOTTOM OF THE 8TH |
Myrtle Beach Seahawks batting - Pitching for Delaware 1787 BC : RHP Roberto Calderón
|
Pitching: LHP Pedro Garza
|
|
Batting: SHB Tony Martínez
|
0-0: Called Strike 0-1: Swinging Strike 0-2: Ground out 4-3 (Groundball, 34)
|
Batting: RHB Manuel Díaz
|
0-0: Ground out 6-3 (Groundball, 6)
|
Batting: RHB Guillaume Colin
|
0-0: Ball 1-0: Ball 2-0: Ball 3-0: Called Strike 3-1: Base on Balls
|
Batting: RHB Roberto Escues
|
0-0: Ball 1-0: Ball 2-0: Called Strike 2-1: Foul Ball, location: 2F 2-2: Strikes out swinging
|
Bottom of the 8th over - 0 run(s), 0 hit(s), 0 error(s), 1 left on base; Delaware 0 - Myrtle Beach 5 |
TOP OF THE 9TH |
Delaware 1787 BC batting - Pitching for Myrtle Beach Seahawks : RHP Dan MacDonald
|
Batting: RHB Henrique Shearman
|
0-0: Fly out, F4 (Popup, 4)
|
Batting: RHB Pedro Rivera
|
0-0: Ball 1-0: Ball 2-0: Fly out, F8 (Line Drive, 8LM)
|
Batting: LHB Salvador Avilés
|
0-0: Ball 1-0: Called Strike 1-1: Called Strike 1-2: Ball 2-2: Strikes out swinging
|
Top of the 9th over - 0 run(s), 0 hit(s), 0 error(s), 0 left on base; Delaware 0 - Myrtle Beach 5 |
|